[Event "Late-Titled-Tuesday-Blitz-February-20-2024"]
[Site "Chess.com"]
[Date "2024.02.20"]
[Round "7"]
[White "Practical-Play"]
[Black "jsdbv18"]
[Result "1-0"]
[WhiteElo "2556"]
[BlackElo "2612"]
[TimeControl "180+1"]
[EndTime "15:16:18 PST"]
[Termination "Practical-Play won by resignation"]

1. e4 c5 2. Nf3 d6 3. c3 Nf6 4.
Bd3 g6 5. Bc2 Bg7 6. d4 O-O 7.
Qe2 cxd4 8. cxd4 Bg4 9. h3 Bxf3 10. Qxf3 Nc6 11. Be3 Nb4 12. Bb3 Nd3+ 13. Ke2 Nb4 14. Nc3 Rc8 15. g4 Qa5 16. Kf1 e5 17. d5 Nd7 18. h4 Nd3 19. h5 Nxb2 20. Ne2 Nc4 21. Bxc4 Rxc4 22. Qh3 Nf6 23. hxg6 fxg6 24. Ng3 Qc7 25.
g5 Nh5 26. Nxh5 gxh5 27. Qxh5 Bh8 28. g6 Rf6 29. gxh7+ Kf8 30. Bh6+ 1-0

[Event "Late-Titled-Tuesday-Blitz-February-20-2024"]
[Site "Chess.com"]
[Date "2024.02.20"]
[Round "7"]
[White "egnfanclub"]
[Black "Bryanl106"]
[Result "0-1"]
[WhiteElo "2384"]
[BlackElo "2526"]
[TimeControl "180+1"]
[EndTime "15:16:19 PST"]
[Termination "Bryanl106 won by resignation"]

1. e4 e5 2. Nf3 Nc6 3. d4 exd4 4. Bc4 Nf6 5. Ng5 d5 6. exd5 Na5 7. Qxd4 Nxc4 8. Qxc4 Qxd5 9. Qe2+ Be7 10. Nc3 Qc6 11.
O-O h6 12. Re1 Qd7 13. Nf3 Qd8 14. Bf4 Be6 15. Qb5+ Nd7 16. Nd4 O-O 17. Nxe6 fxe6 18. Bg3 b6 19. Rad1 Bd6 20. Bxd6 cxd6 21. Rxd6 Rf7 22.
Red1 Qf6 23. Ne4 Qf4 24. f3 Ne5 25. Rxe6 Nxf3+ 26. gxf3 Qe3+ 27. Kg2 Qxf3+ 28. Kg1 Qxd1+ 29. Kg2 Qf3+ 30. Kg1 Raf8 31. Re8 Qd1+ 32. Kg2 Qxc2+ 33. Kh3 Rf3+ 34. Ng3 Qg6 35. Rxf8+ Rxf8 36. Qd5+ Kh7 0-1

[Event "Late-Titled-Tuesday-Blitz-February-20-2024"]
[Site "Chess.com"]
[Date "2024.02.20"]
[Round "7"]
[White "vrekhson"]
[Black "GiorgianBarbosa"]
[Result "0-1"]
[WhiteElo "2324"]
[BlackElo "2506"]
[TimeControl "180+1"]
[EndTime "15:16:19 PST"]
[Termination "GiorgianBarbosa won on time"]

1. e4 c5 2. Nf3 g6 3. d4 cxd4 4. Qxd4 Nf6 5. e5 Nc6 6. Qa4 Nd5 7. Qe4 Ndb4 8. Na3 Bg7 9. c3 Na6 10. Bxa6 bxa6 11. O-O O-O 12. Rd1 Rb8 13. Nc4 Bb7 14.
Qe2 Re8 15. Bg5 d5 16. exd6 exd6 17. Bxd8 Rxe2 18. Bc7 Rc8 19. Bxd6 Nd8 20. Be5 Bxf3 21. gxf3 Rxe5 22. Nxe5 Bxe5 23. Rd7 Rb8 24. Rxa7 Rxb2 25. Rxa6 Ne6 26. Rd1 Bxc3 27. Ra4 Be5 28. Re4 f6 29. a4 Ra2 30. Rd7 Nf4 31. Re1 Rxa4 0-1

[Event "Late-Titled-Tuesday-Blitz-February-20-2024"]
[Site "Chess.com"]
[Date "2024.02.20"]
[Round "7"]
[White "Statham_01"]
[Black "Korchmar_Vasiliy"]
[Result "1-0"]
[WhiteElo "2589"]
[BlackElo "2747"]
[TimeControl "180+1"]
[EndTime "15:16:22 PST"]
[Termination "Statham_01 won by resignation"]

1. Nc3 g5 2. d4 g4 3. e4 Bg7 4. Be3 d6 5. h3 h5 6. hxg4 hxg4 7. Rxh8 Bxh8 8. Be2 Nc6 9. Bxg4 Nf6 10. Bf3 e6 11.
Qd2 Qe7 12. O-O-O Bd7 13. Nge2 O-O-O 14. Kb1 Kb8 15. a3 Rg8 16. g3 Ng4 17. Bxg4 Rxg4 18. Rh1 Rg8 19. f4 a6 20. d5 Na7 21. Bxa7+ Kxa7 22. Rxh8 Rxh8 23. Qd4+ b6 24. Qxh8 f5 25. Qd4 e5 26.
fxe5 dxe5 27. Qc4 Bc8 28. Ka2 Kb8 29. b3 Qg5 30. d6 cxd6 31. Qc6 Qd2 32. Qxb6+ Ka8 33.
Kb2 fxe4 34. Qd8 Kb8 35. g4 Kb7 36. g5 e3 37. Qe7+ Kc6 38. Qe8+ Bd7 39. Qa8+ Kc7 40.
Nd5+ 1-0

[Event "Late-Titled-Tuesday-Blitz-February-20-2024"]
[Site "Chess.com"]
[Date "2024.02.20"]
[Round "7"]
[White "JaackCamel"]
[Black "a_kandil"]
[Result "0-1"]
[WhiteElo "2189"]
[BlackElo "2431"]
[TimeControl "180+1"]
[EndTime "15:16:23 PST"]
[Termination "a_kandil won by resignation"]

1. d4 Nf6 2. c4 g6 3. Nc3 d5 4.
cxd5 Nxd5 5. e4 Nxc3 6. bxc3 c5 7. Nf3 Bg7 8. Be3 Nc6 9. Rc1 O-O 10. Be2 Qc7 11. O-O Rd8 12. d5 Na5 13. c4 b6 14. Qc2 e6 15. Bg5 Re8 16. Rfd1 exd5 17.
cxd5 Nb7 18. Bb5 Bd7 19. Bxd7 Qxd7 20. Re1 Rac8 21. Rcd1 c4 22. e5 b5 23. h3 Nc5 24.
Nd4 Nd3 25. Re3 Bxe5 26. Nf3 Qxd5 27. Nxe5 Rxe5 28. Rxe5 Qxe5 29. Be3 Qb2 30. Qxb2 Nxb2 31. Rb1 c3 32. Bd4 c2 33. Rc1 Nd3 34. Be3 Nxc1 35.
Bxc1 Rd8 0-1

[Event "Late-Titled-Tuesday-Blitz-February-20-2024"]
[Site "Chess.com"]
[Date "2024.02.20"]
[Round "7"]
[White "PNEPaul"]
[Black "besarquis"]
[Result "0-1"]
[WhiteElo "1972"]
[BlackElo "2199"]
[TimeControl "180+1"]
[EndTime "15:16:25 PST"]
[Termination "besarquis won on time"]

1. e4 c5 2. Nf3 Nc6 3. d4 cxd4 4. c3 dxc3 5. Nxc3 g6 6. Bc4 Bg7 7. Bg5 d6 8. Qb3 Nf6 9. Bxf7+ Kf8 10. Bd5 Bg4 11. O-O Bxf3 12. gxf3 Ne5 13. Qd1 Qd7 14. Kg2 h6 15. Bxf6 Bxf6 16. h3 Kg7 17. f4 Nc6 18. Bb3 Rhf8 19. e5 Bh4 20. e6 Qe8 21. Nd5 Rc8 22. Qg4 Bf6 23. Rad1 h5 24. Qe2 Nd4 25. Rxd4 Bxd4 26. Qe4 Bxb2 0-1

[Event "Late-Titled-Tuesday-Blitz-February-20-2024"]
[Site "Chess.com"]
[Date "2024.02.20"]
[Round "7"]
[White "IlyaGrigorjev"]
[Black "GMBenjaminBok"]
[Result "1-0"]
[WhiteElo "2913"]
[BlackElo "2997"]
[TimeControl "180+1"]
[EndTime "15:16:28 PST"]
[Termination "IlyaGrigorjev won by resignation"]

1. e4 c5 2. Nf3 d6 3. d4 cxd4 4.
Nxd4 Nf6 5. Nc3 a6 6. Bg5 Nbd7 7. Qe2 e6 8. O-O-O b5 9. f4 Qc7 10. f5 e5 11. Nd5 Nxd5 12. exd5 Nb6 13. Qh5 Be7 14.
Bd3 Bxg5+ 15. Qxg5 f6 16. Qh5+ Qf7 17. Qe2 Bb7 18. Ne6 Bxd5 19. Bxb5+ axb5 20. Qxb5+ Qd7 21. Qxb6 Bxe6 22. Rxd6 Qa7 23. Rd8+ Rxd8 24. Qxa7 Bf7 25. Qa4+ Ke7 26. Qb4+ Rd6 27. Rd1 Rd8 28. a4 Be8 29. a5 Bc6 30. a6 Bxg2 31. Rxd6 Rxd6 32. Qg4 Bd5 33. a7 Ra6 34. Qb4+ Kf7 35. Qb8 Bf3 36. Qc7+ 1-0

[Event "Late-Titled-Tuesday-Blitz-February-20-2024"]
[Site "Chess.com"]
[Date "2024.02.20"]
[Round "7"]
[White "akanga001"]
[Black "MAGMAchess02"]
[Result "0-1"]
[WhiteElo "2028"]
[BlackElo "2250"]
[TimeControl "180+1"]
[EndTime "15:16:30 PST"]
[Termination "MAGMAchess02 won by resignation"]

1. d4 d5 2. c4 e6 3. Nc3 c6 4. e3 f5 5. Nh3 Nf6 6. Qc2 Bd6 7. b3 O-O 8. Bb2 Bd7 9. g3 Ne4 10. Bg2 Be8 11. Nf4 Qe7 12. O-O Nd7 13. f3 Nxc3 14.
Bxc3 g5 15. Nd3 Bg6 16. Ne5 Nxe5 17. dxe5 Bc5 18. Qe2 f4 19. Bd4 fxe3 20. Qxe3 Bxd4 21. Qxd4 c5 22. Qc3 d4 23. Qd2 Rf5 24. f4 gxf4 25. gxf4 Rh5 26. Bf3 Rh4 27. Kh1 Rf8 28. Bg2 Qf7 29.
b4 b6 30. bxc5 bxc5 31. Rae1 Rxf4 32. Rxf4 Qxf4 33. Qxf4 Rxf4 34. h3 Rf2 35. Rb1 Bxb1 0-1

[Event "Late-Titled-Tuesday-Blitz-February-20-2024"]
[Site "Chess.com"]
[Date "2024.02.20"]
[Round "7"]
[White "jinxy2009"]
[Black "maurovargas01"]
[Result "1-0"]
[WhiteElo "2196"]
[BlackElo "1863"]
[TimeControl "180+1"]
[EndTime "15:16:30 PST"]
[Termination "jinxy2009 won on time"]

1. e4 d5 2. exd5 Qxd5 3. Nc3 Qa5 4. d4 c6 5. Nf3 Nf6 6. Bc4 Bg4 7. h3 Bh5 8. g4 Bg6 9. Ne5 Be4 10. Bxf7+ Kd8 11.
f3 Bd5 12. Bxd5 cxd5 13. Nf7+ Ke8 14. Nxh8 Qc7 15. Kf2 g6 16. Qe2 Qd6 17. Nb5 Qb6 18. Bf4 Na6 19. c3 Bg7 20. Rhe1 Qd8 21. Nd6+ Kf8 22.
Qe6 1-0

[Event "Late-Titled-Tuesday-Blitz-February-20-2024"]
[Site "Chess.com"]
[Date "2024.02.20"]
[Round "7"]
[White "Nouali_Mohamed"]
[Black "MyDream003"]
[Result "0-1"]
[WhiteElo "2555"]
[BlackElo "2753"]
[TimeControl "180+1"]
[EndTime "15:16:31 PST"]
[Termination "MyDream003 won on time"]

1. e4 c5 2. Nf3 d6 3. d4 cxd4 4.
Nxd4 Nf6 5. Nc3 Nc6 6. Bc4 e6 7. Bb3 Be7 8. Be3 a6 9. Qe2 Na5 10. g4 Nxb3 11. axb3 Nd7 12. Rg1 h6 13. f4 Qc7 14.
Bf2 g5 15. Nf5 Bf6 16. O-O-O exf5 17. Nd5 Qa5 18. Nxf6+ Nxf6 19. exf5+ Kd7 20. fxg5 Re8 21. Rxd6+ Kxd6 22. Bg3+ Kc6 23. Qf3+ Ne4 24. Kb1 Qd5 0-1

[Event "Late-Titled-Tuesday-Blitz-February-20-2024"]
[Site "Chess.com"]
[Date "2024.02.20"]
[Round "7"]
[White "Jaka_Brilej"]
[Black "adwilhans"]
[Result "1-0"]
[WhiteElo "2509"]
[BlackElo "2341"]
[TimeControl "180+1"]
[EndTime "15:16:31 PST"]
[Termination "Jaka_Brilej won on time"]

1. Nf3 f5 2. g3 Nf6 3. Bg2 g6 4. d4 Bg7 5. O-O O-O 6. c4 d6 7. Nc3 Nc6 8. d5 Ne5 9. Nxe5 dxe5 10. Qb3 e4 11. c5 Kh8 12. Rd1 b6 13. Be3 Ng4 14. Bd4 Bxd4 15. Rxd4 bxc5 16. Rc4 Qd6 17. Qa3 Rb8 18. b3 Rb4 19. Qxa7 Rxc4 20. bxc4 Qe5 21. Rc1 Qd4 22. Nd1 Qd2 23. Qa3 e5 24. h3 Nf6 25. Qc3 Qxe2 26. Qxe5 Rf7 27. Ne3 Qxa2 28. Ra1 Qd2 29. Ra8 Kg7 30. Rxc8 1-0

[Event "Late-Titled-Tuesday-Blitz-February-20-2024"]
[Site "Chess.com"]
[Date "2024.02.20"]
[Round "7"]
[White "STAYFlow"]
[Black "jodarmarlon1985"]
[Result "0-1"]
[WhiteElo "2342"]
[BlackElo "2252"]
[TimeControl "180+1"]
[EndTime "15:16:33 PST"]
[Termination "jodarmarlon1985 won by checkmate"]

1. e4 e5 2. Nf3 Nc6 3. Bc4 Nf6 4. d3 Be7 5. a4 O-O 6. a5 a6 7. Nc3 d6 8. Bg5 Be6 9. Bxf6 Bxf6 10. Nd5 g6 11.
Qd2 Bg7 12. b4 Ne7 13. Ne3 Qd7 14. O-O h6 15. d4 Bxc4 16. Nxc4 exd4 17. Nxd4 Nc6 18.
c3 Rae8 19. Rfe1 d5 20. Nxc6 Qxc6 21. Qxd5 Qxd5 22. exd5 Bxc3 23. Rxe8 Rxe8 24. Rb1 Re1+ 25. Rxe1 Bxe1 26. d6 cxd6 27. Nxd6 Bxb4 28. Nxb7 Be7 29. f4 Kf8 30. g4 Ke8 31. h4 Kd7 32. g5 h5 33. f5 gxf5 34. Kf2 Kc6 35. Kf3 Kxb7 36. Kf4 Kc6 37. Kxf5 Kd5 38. g6 fxg6+ 39. Kxg6 Bxh4 40. Kxh5 Be1 41. Kg4 Ke4 42. Kh3 Kf3 43. Kh2 Bxa5 44. Kg1 Ke2 45. Kg2 Bc7 46. Kh3 a5 47. Kg2 a4 48. Kh3 a3 49. Kg4 a2 50.
Kf5 a1=Q 51. Kg6 Qe5 52. Kh7 Kf3 53. Kg8 Qe7 54. Kh8 Kg4 55. Kg8 Kg5 56. Kh8 Kg6 57. Kg8 Qg7# 0-1

[Event "Late-Titled-Tuesday-Blitz-February-20-2024"]
[Site "Chess.com"]
[Date "2024.02.20"]
[Round "7"]
[White "DrVelja"]
[Black "Elsa167"]
[Result "1-0"]
[WhiteElo "2982"]
[BlackElo "2883"]
[TimeControl "180+1"]
[EndTime "15:16:37 PST"]
[Termination "DrVelja won on time"]

1. e4 e6 2. d4 d5 3. Nc3 Bb4 4. e5 c5 5. Bd2 Ne7 6. Nb5 Bxd2+ 7. Qxd2 O-O 8. Nf3 cxd4 9. Nbxd4 Nbc6 10. Bd3 Nxd4 11.
Nxd4 Nc6 12. Nf3 Bd7 13. O-O Rc8 14. Rfe1 h6 15. c3 Qb6 16. Rad1 Qc5 17. Bb1 Rfd8 18. Qd3 g6 19. Qd2 Kg7 20. Qf4 Qe7 21. h4 Rh8 22.
Re3 Rcg8 23. c4 dxc4 24. Qf6+ Kf8 25. Be4 Nb4 26. Rd6 g5 27. Nd4 Ke8 28. Ra3 a6 29.
h5 Qxf6 30. exf6 Kd8 31. Rb6 Nd5 32. Bxd5 exd5 33. Rxb7 Re8 34. Rxa6 Re1+ 35. Kh2 Bc8 36. Rd6+ Ke8 37. Rb8 1-0

[Event "Late-Titled-Tuesday-Blitz-February-20-2024"]
[Site "Chess.com"]
[Date "2024.02.20"]
[Round "7"]
[White "MusicCityMaster"]
[Black "Andrei_Skvortsov"]
[Result "0-1"]
[WhiteElo "2550"]
[BlackElo "2699"]
[TimeControl "180+1"]
[EndTime "15:16:38 PST"]
[Termination "Andrei_Skvortsov won on time"]

1. d4 g6 2. c4 Bg7 3. Nf3 e6 4. Nc3 Ne7 5. e4 d5 6. Be2 O-O 7. O-O Nbc6 8. Be3 dxc4 9. Bxc4 e5 10. d5 Nb8 11. Rc1 Bg4 12. h3 Bxf3 13. Qxf3 a6 14.
Rfd1 Nc8 15. a4 Nd6 16. Ba2 Nd7 17. a5 h6 18. Na4 Kh7 19. Nc5 Nxc5 20. Bxc5 f5 21. Bb1 fxe4 22. Qe2 Rf4 23. Be3 Rf7 24. Bc5 Nf5 25. Bxe4 Qh4 26. Rc4 Qg5 27. Bb1 Nd4 28.
Bxd4 exd4 29. Qe4 Re7 30. Qd3 Rf8 31. b4 h5 32. Rc5 Rf5 33. d6 Rxc5 34. bxc5 Rf7 35.
Re1 Qf6 36. Kh1 cxd6 37. cxd6 Qxd6 38. Re8 Rxf2 39. Re4 Qf6 40. Re1 Rf5 41. Rd1 Re5 42. Rc1 Re3 43. Qc2 Rc3 44. Qd2 Bh6 0-1

[Event "Late-Titled-Tuesday-Blitz-February-20-2024"]
[Site "Chess.com"]
[Date "2024.02.20"]
[Round "7"]
[White "Capablanca_Oujda_2021"]
[Black "Happy1712Drummer"]
[Result "1-0"]
[WhiteElo "2511"]
[BlackElo "2354"]
[TimeControl "180+1"]
[EndTime "15:16:39 PST"]
[Termination "Capablanca_Oujda_2021 won on time"]

1. e4 e6 2. d4 d5 3. exd5 exd5 4.
Bd3 c5 5. dxc5 Bxc5 6. Nf3 Ne7 7. O-O h6 8. a3 Bg4 9. c3 O-O 10. Bf4 Qb6 11. Nbd2 Qxb2 12. Nb3 Bb6 13. Bd6 Nbc6 14. Rc1 Bxf3 15. gxf3 Rad8 16. Bf4 Ng6 17. Bd2 Nce5 18. Bc2 Nh4 19. Kh1 Nhxf3 20. Bf4 Qxa3 21. Nd4 Bxd4 22. cxd4 Ng6 23. Bg3 Ng5 24. Rb1 b6 25. f3 Ne6 26. f4 f5 27. Rg1 Kh7 28. Qh5 Rf6 29. Bxf5 Nf8 30. Bh4 1-0

[Event "Late-Titled-Tuesday-Blitz-February-20-2024"]
[Site "Chess.com"]
[Date "2024.02.20"]
[Round "7"]
[White "ridnani1"]
[Black "Herman-NY"]
[Result "1/2-1/2"]
[WhiteElo "2393"]
[BlackElo "2506"]
[TimeControl "180+1"]
[EndTime "15:16:45 PST"]
[Termination "Game drawn by agreement"]

1. e4 e5 2. Nf3 Nc6 3. d4 exd4 4. Nxd4 Qf6 5. Be3 Bc5 6. c3 Nge7 7. Be2 b6 8. O-O Bb7 9. Bf3 Ne5 10. Nd2 Nxf3+ 11. Qxf3 Qxf3 12. gxf3 O-O-O 13. N2b3 f5 14. Nxc5 bxc5 15.
Nxf5 Nxf5 16. exf5 Rdf8 17. f4 Bf3 18. h4 Rxf5 19. Kh2 Rhf8 20. Kg3 Bc6 21. Rad1 R8f6 22. f3 Rg6+ 23. Kf2 Rh5 24. Rg1 Rxg1 25. Rxg1 g6 26. Rg5 Rxh4 27. Kg2 d6 28. b4 cxb4 29. cxb4 a6 30. a3 Bd7 31. Bf2 Rh5 32. Rxh5 gxh5 33.
Kg3 Bf5 34. Kh4 Bg6 35. Kg5 Kd7 36. f5 Be8 37. Kh6 Ke7 38. Bh4+ Kf7 39. Kxh7 Bd7 40. Bd8 c5 41. bxc5 dxc5 42. Kh6 Bxf5 43. Kxh5 c4 44. Ba5 Ke6 45. Kg5 Bc2 46. Kf4 Kd5 47. Ke3 Kc6 48.
Kd4 Kb5 49. Bc3 Bh7 50. f4 Bg8 51. f5 Ka4 52. Bb4 a5 53. Bd2 Kxa3 54. Bxa5 Kb3 1/2-1/2

[Event "Late-Titled-Tuesday-Blitz-February-20-2024"]
[Site "Chess.com"]
[Date "2024.02.20"]
[Round "7"]
[White "Ze-Pequeno"]
[Black "WPWPWP-2015"]
[Result "0-1"]
[WhiteElo "2242"]
[BlackElo "2426"]
[TimeControl "180+1"]
[EndTime "15:16:45 PST"]
[Termination "WPWPWP-2015 won on time"]

1. e4 c5 2. Nf3 d6 3. d4 cxd4 4. Nxd4 Nf6 5. Nc3 a6 6. Bg5 e6 7. f4 Qb6 8. Qd2 Qxb2 9. Rb1 Qa3 10. f5 Nc6 11. fxe6 fxe6 12. Nxc6 bxc6 13. e5 dxe5 14. Bxf6 gxf6 15. Bd3 f5 16. O-O Bc5+ 17. Kh1 Bd4 18. Ne2 Bc5 19. Qh6 Bd7 20. Rb3 Qa5 21. Qf6 Rg8 22. Qxe5 Bb4 23. Qf6 Be7 24. Qh6 Qe5 25. Qh5+ Kd8 26. Nf4 Bd6 27. g3 Kc7 28. Qd1 Rgb8 0-1

[Event "Late-Titled-Tuesday-Blitz-February-20-2024"]
[Site "Chess.com"]
[Date "2024.02.20"]
[Round "7"]
[White "Hikaru"]
[Black "BilodeauA"]
[Result "1-0"]
[WhiteElo "3241"]
[BlackElo "3035"]
[TimeControl "180+1"]
[EndTime "15:16:47 PST"]
[Termination "Hikaru won by resignation"]

1. h3 a6 2. e4 c6 3. d4 d5 4. e5 Bf5 5. c4 e6 6. Nc3 Ne7 7. Bg5 h6 8. Be3 Nd7 9. Nf3 dxc4 10. Bxc4 Nd5 11. Nxd5 cxd5 12. Bd3 Bb4+ 13. Ke2 Bxd3+ 14. Qxd3 Rc8 15. g4 Be7 16. h4 O-O 17. Ng5 hxg5 18. hxg5 g6 19. Bd2 Bxg5 20. Qh3 Bh4 21. Qxh4 Qxh4 22.
Rxh4 f6 23. Rah1 fxe5 24. dxe5 Kf7 25. Rh7+ Ke8 26. f4 Rc4 27. Rg7 Re4+ 28. Kd1 Rf7 29. Rxg6 Nf8 30. Rg8 d4 31. g5 Rf5 32. g6 Ke7 33. g7 1-0

[Event "Late-Titled-Tuesday-Blitz-February-20-2024"]
[Site "Chess.com"]
[Date "2024.02.20"]
[Round "7"]
[White "Sargsyan_Shant"]
[Black "Oleksandr_Bortnyk"]
[Result "1-0"]
[WhiteElo "2906"]
[BlackElo "3058"]
[TimeControl "180+1"]
[EndTime "15:16:47 PST"]
[Termination "Sargsyan_Shant won by resignation"]

1. c4 Nf6 2. g3 g6 3. Bg2 Bg7 4. Nc3 O-O 5. Nf3 d6 6. O-O Bf5 7. d3 c6 8. Rb1 e5 9. Bg5 Nbd7 10. b4 Qc7 11. Nd2 h6 12. Bxf6 Nxf6 13. b5 Rfd8 14.
Qa4 d5 15. bxc6 bxc6 16. cxd5 cxd5 17. Rfc1 Qe7 18. Qa5 e4 19. dxe4 Nxe4 20. Nxd5 Rxd5 21. Qxd5 Rd8 22. Rb7 Rxd5 23. Rxe7 Rxd2 24. Bxe4 Rxe2 25. Re8+ Kh7 26. Bc6 Rxa2 27. Bd5 Rd2 28. Bxf7 Bd4 29. Rc7 Bxf2+ 30. Kh1 Rd7 31. Rxd7 Bxd7 32. Re7 Bf5 33.
Be6+ Kh8 34. Bxf5 gxf5 35. Rf7 Kg8 36. Rxf5 Bb6 37. Kg2 Kg7 38. Kf3 Kg6 39. Kg4 Be3 40. Rd5 Kf6 41. Kh5 Ke6 42. Rd3 Bc1 43. Rc3 Bg5 44. Ra3 Kf5 45. Rxa7 1-0

[Event "Late-Titled-Tuesday-Blitz-February-20-2024"]
[Site "Chess.com"]
[Date "2024.02.20"]
[Round "7"]
[White "Fh2411"]
[Black "ATM622"]
[Result "1-0"]
[WhiteElo "2608"]
[BlackElo "2489"]
[TimeControl "180+1"]
[EndTime "15:16:47 PST"]
[Termination "Fh2411 won on time"]

1. d4 Nf6 2. Nf3 e6 3. Bf4 Be7 4. e3 O-O 5. Nbd2 d5 6. Bd3 c5 7. c3 b6 8. Ne5 c4 9. Bc2 Bb7 10. O-O b5 11. Qf3 Nbd7 12. Qh3 Re8 13. Ndf3 Ne4 14. Nxd7 Qxd7 15. Ne5 Qd8 16. f3 Nf6 17. Bg5 h6 18. Bxf6 Bxf6 19. f4 Bxe5 20. fxe5 Rf8 21. Rf4 f5 22. exf6 Rxf6 23. Raf1 Rxf4 24. Qxe6+ Kh8 25. exf4 Qe8 26. Qf5 Kg8 27. Kf2 Qf7 28. Qh7+ Kf8 29. g3 b4 30. Bg6 Qf6 31. Re1 Qxg6 32. Qxg6 1-0

[Event "Late-Titled-Tuesday-Blitz-February-20-2024"]
[Site "Chess.com"]
[Date "2024.02.20"]
[Round "7"]
[White "Walter_White_Poland"]
[Black "kleopl"]
[Result "0-1"]
[WhiteElo "2366"]
[BlackElo "2517"]
[TimeControl "180+1"]
[EndTime "15:16:48 PST"]
[Termination "kleopl won on time"]

1. e4 c5 2. Nf3 d6 3. d4 cxd4 4.
Nxd4 Nf6 5. Nc3 a6 6. Bg5 e6 7. f4 Be7 8. Qf3 Qc7 9. O-O-O Nbd7 10. Bd3 b5 11. Rhe1 Bb7 12. Qg3 b4 13. Nd5 exd5 14. exd5 Kd8 15. Nc6+ Bxc6 16. dxc6 Nc5 17. Bf5 Qxc6 18. Bh4 Nd5 19. Rxd5 Qxd5 20. Rxe7 f6 21. Qxg7 Qxf5 22. Bxf6 Qxf4+ 23. Kd1 Qf1+ 24. Re1+ Qxf6 25. Qxf6+ Kd7 26. Re7+ Kc6 27. Qf3+ Kb6 28. Qg3 Rad8 29. a3 a5 30. axb4 axb4 31. Qf4 b3 32. cxb3 Rhf8 33. Qb4+ Kc6 34. Qc4 d5 35. Qe2 Rd6 36. b4 Ne4 37. Qc2+ Kb5 38. Rb7+ Rb6 39. Rxb6+ Kxb6 0-1

[Event "Late-Titled-Tuesday-Blitz-February-20-2024"]
[Site "Chess.com"]
[Date "2024.02.20"]
[Round "7"]
[White "Navyblue1"]
[Black "Jahonas"]
[Result "1-0"]
[WhiteElo "2219"]
[BlackElo "2338"]
[TimeControl "180+1"]
[EndTime "15:16:48 PST"]
[Termination "Navyblue1 won on time"]

1. d4 Nf6 2. c4 e6 3. Nf3 b6 4.
g3 Bb7 5. Bg2 Bb4+ 6. Bd2 Bxd2+ 7. Nbxd2 O-O 8. O-O d6 9. Re1 Nbd7 10. e4 e5 11. d5 a6 12. Qc2 Qe7 13. b4 Rfc8 14. a3 c6 15. Qb3 b5 16. cxb5 axb5 17. dxc6 Rxc6 18. Qd3 Rb6 19. Rac1 Qd8 20. Rc3 Rc8 21. Rec1 Rbc6 22. Rxc6 Rxc6 23. Rxc6 Bxc6 24. Qxd6 Bxe4 25. Nxe4 Nxe4 26. Qd3 Nef6 27. Nxe5 Qc7 28. Nxd7 Nxd7 29. Qxb5 Qc1+ 30. Bf1 Nf8 31. a4 g6 32. a5 Ne6 33. Qc4 Qe1 34. h4 h5 35. a6 Qa1 36. b5 Nd4 37. Kg2 Nf5 38. b6 Qb2 39.
Qb5 Qd2 40. Kg1 Ne3 41. fxe3 Qxe3+ 42. Kh2 1-0

[Event "Late-Titled-Tuesday-Blitz-February-20-2024"]
[Site "Chess.com"]
[Date "2024.02.20"]
[Round "7"]
[White "GolfBeforeChess"]
[Black "kylelancman"]
[Result "1-0"]
[WhiteElo "2309"]
[BlackElo "2448"]
[TimeControl "180+1"]
[EndTime "15:16:50 PST"]
[Termination "GolfBeforeChess won on time"]

1. Nf3 c5 2. c4 g6 3. g3 Bg7 4. Bg2 Nc6 5. O-O e5 6. Nc3 Nge7 7.
d3 O-O 8. a3 d6 9. Rb1 a5 10. Ne1 Be6 11. Nc2 d5 12. cxd5 Nxd5 13. Nxd5 Bxd5 14. b4 Bxg2 15. Kxg2 cxb4 16. axb4 a4 17. b5 Nd4 18. Ba3 Re8 19. Nxd4 exd4 20. Re1 Qd5+ 21. Kg1 Rec8 22. Qd2 Rc3 23. Qb2 Rb3 24. Qa2 Qxb5 25. Rec1 h5 26. h4 Re8 27. Rxb3 axb3 28. Qb2 Qa4 29. Rc4 Qa5 30. Rb4 Bf8 31. Rxb3 Bxa3 32. Rxa3 Qe1+ 33. Kg2 Rd8 34. Rb3 Re8 35.
Rxb7 Rxe2 36. Qxd4 Kh7 37. Rxf7+ 1-0

[Event "Late-Titled-Tuesday-Blitz-February-20-2024"]
[Site "Chess.com"]
[Date "2024.02.20"]
[Round "7"]
[White "Vasily85"]
[Black "Felix-Rose"]
[Result "1-0"]
[WhiteElo "2457"]
[BlackElo "2263"]
[TimeControl "180+1"]
[EndTime "15:16:52 PST"]
[Termination "Vasily85 won on time"]

1. e4 e5 2. Nf3 Nc6 3. Bc4 Nf6 4. d3 Bc5 5. O-O d6 6. c3 a5 7. Nbd2 Ba7 8. Re1 O-O 9. h3 Be6 10. Bb5 Ne7 11. Nf1 Ng6 12. d4 c6 13. Bd3 exd4 14. cxd4 d5 15. e5 Ne4 16. N1d2 Nxd2 17. Bxd2 c5 18. Ng5 Re8 19. dxc5 Bxc5 20. Bxg6 fxg6 21. Rc1 b6 22. Qe2 d4 23. Nxe6 Rxe6 24. Qc4 Qd7 25. Kh2 Kh8 26. f4 Rf8 27. Rf1 Re7 28. Bxa5 1-0

[Event "Late-Titled-Tuesday-Blitz-February-20-2024"]
[Site "Chess.com"]
[Date "2024.02.20"]
[Round "7"]
[White "rcmz"]
[Black "rachidhuilda"]
[Result "1/2-1/2"]
[WhiteElo "2194"]
[BlackElo "2345"]
[TimeControl "180+1"]
[EndTime "15:16:52 PST"]
[Termination "Game drawn by repetition"]

1. b4 d5 2. Bb2 Nf6 3. e3 Bf5 4.
f4 e6 5. a3 a5 6. b5 c5 7. Nf3 Be7 8. Be2 Nbd7 9. O-O O-O 10. Nh4 h6 11. Nxf5 exf5 12. c4 Nb6 13. Qc2 Ne4 14. d3 Nf6 15. Bf3 Rc8 16. Nc3 Ng4 17.
Qe2 d4 18. Nd1 Nxe3 19. Nxe3 dxe3 20. Qxe3 Rc7 21. Rad1 Bf6 22. Be5 Bxe5 23. fxe5 Qg5 24. Qf2 Nd7 25. Rfe1 Re8 26. d4 cxd4 27. Qxd4 Nf8 28.
Bd5 Qe7 29. Qf4 Qg5 30. Qd4 Qe7 31. Qf4 Qg5 32. Qd4 1/2-1/2

[Event "Late-Titled-Tuesday-Blitz-February-20-2024"]
[Site "Chess.com"]
[Date "2024.02.20"]
[Round "7"]
[White "Cristi_Coca"]
[Black "DraningWaterHi"]
[Result "0-1"]
[WhiteElo "2368"]
[BlackElo "2254"]
[TimeControl "180+1"]
[EndTime "15:16:54 PST"]
[Termination "DraningWaterHi won on time"]

1. e4 e5 2. Nf3 Nc6 3. Bc4 Nf6 4. d3 Bc5 5. c3 a6 6. Nbd2 Ba7 7. Bb3 O-O 8. O-O d6 9. h3 Ne7 10. d4 Ng6 11. Re1 h6 12. Nf1 Re8 13. Ng3 c6 14. dxe5 dxe5 15. Qxd8 Rxd8 16. Nf5 Be6 17. Bxe6 fxe6 18.
Ng3 Rd3 19. Be3 Bxe3 20. Rxe3 Rxe3 21. fxe3 Rd8 22. Kf1 Rd6 23. Ke2 Nd7 24. Rd1 Rxd1 25. Kxd1 Kf7 26. Nd2 Nb6 27. Kc2 Nh4 28. Ngf1 Nxg2 29.
Nf3 Kf6 30. Kd3 g5 31. N1d2 h5 32. Ke2 g4 33. hxg4 hxg4 34. Nh2 Kg5 35. Kf2 Nh4 36. Kg3 Nf3 37. Ndxf3+ gxf3 38. Kxf3 Na4 39. Ng4 Nxb2 40.
Nxe5 Na4 41. c4 Nc5 42. Nf7+ Kf6 43. Nd6 Ke5 44. Nf7+ Kf6 45. Nd6 Ke7 46. Nc8+ Kd7 47. Nb6+ Kc7 48. Na8+ Kb8 49. Nb6 Kc7 50. Na8+ Kd6 51.
Nb6 Ke5 52. a4 Nxe4 53. Nd7+ Kf5 54. c5 a5 55. Nb8 Nxc5 56. Ke2 Nxa4 57. Nd7 Ke4 58. Kd2 b5 59. Nf6+ Ke5 60. Ne8 c5 61.
Nc7 b4 62. Na6 Kd6 63. e4 Kc6 64. Nb8+ Kc7 0-1

[Event "Late-Titled-Tuesday-Blitz-February-20-2024"]
[Site "Chess.com"]
[Date "2024.02.20"]
[Round "7"]
[White "ural58"]
[Black "StrackedAktonamee"]
[Result "0-1"]
[WhiteElo "2482"]
[BlackElo "2395"]
[TimeControl "180+1"]
[EndTime "15:16:55 PST"]
[Termination "StrackedAktonamee won by resignation"]

1. e4 c6 2. Nc3 d5 3. Nf3 g6 4. d4 Bg4 5. h3 Bxf3 6. Qxf3 Bg7 7. Be3 e6 8. g4 Nd7 9. h4 h5 10. g5 Ne7 11. Bh3 Qb6 12. O-O-O O-O 13. Qg3 Qa6 14.
Qd6 Rfd8 15. Bxe6 Nc8 16. Qc7 Ncb6 17. Bxd7 Rxd7 18. Qf4 Nc4 19. Rh3 Qb6 20. b3 Nxe3 21.
fxe3 Qa5 22. Kb2 dxe4 23. Nxe4 c5 24. Nf6+ Bxf6 25. gxf6 Kh7 26. d5 Rc8 27. e4 c4 28.
Rd4 c3+ 29. Kb1 Rc6 30. Qc1 Rxf6 31. e5 Rf5 32. Re3 Qa6 33. e6 Rf1 34. Re1 Rxe1 35. Qxe1 fxe6 36. dxe6 Rxd4 37. e7 Qa3 0-1